TOP OF THE 1ST |
Miami Marlins batting - Pitching for San Francisco Giants : RHP Nicolas Coppola II
|
Pitching: RHP Nicolas Coppola II
|
|
Batting: RHB Jeff Garofalo
|
0-0: Ball 1-0: Foul Ball, location: 2F 1-1: Called Strike 1-2: Ball 2-2: Foul Ball, location: 2F 2-2: DOUBLE (Line Drive, 78XD, EV 102.5 MPH)
|
Batting: SHB Matt Altieri
|
0-0: Ball 1-0: Fly out, F1 (Line Drive, P, EV 69.4 MPH)
|
Batting: RHB Jimmy Groseclose
|
0-0: Ball 1-0: Foul Ball, location: 2F 1-1: Called Strike 1-2: Foul Ball, location: 2F 1-2: Ball 2-2: Ground out 6-3 (Groundball, 6, EV 105.0 MPH)
|
Batting: RHB Justin Huff
|
0-0: Ball 1-0: Ball 2-0: Called Strike 2-1: SINGLE (Groundball, 6MD, EV 102.5 MPH) (infield hit) Jeff Garofalo to third
|
Batting: RHB Seth Tramontano
|
0-0: Ball 1-0: Foul Ball, location: 2F 1-1: Foul Ball, location: 2F 1-2: Ball 2-2: Strikes out swinging
|
Top of the 1st over - 0 runs, 2 hits, 0 errors, 2 left on base; Miami 0 - San Francisco 0 |
BOTTOM OF THE 1ST |
San Francisco Giants batting - Pitching for Miami Marlins : LHP Patrick Meesters
|
Pitching: LHP Patrick Meesters
|
|
Batting: RHB Xavier Castellanos
|
0-0: Ball 1-0: Swinging Strike 1-1: Foul Ball, location: 2F 1-2: Foul Ball, location: 2F 1-2: Ball 2-2: Ground out U3 (Groundball, 34, EV 101.9 MPH)
|
Batting: RHB Quintin Parker
|
0-0: Ball 1-0: Foul Ball, location: 2F 1-1: Ball 2-1: Ball 3-1: Base on Balls
|
Batting: RHB Sean Zielinski
|
0-0: Foul Ball, location: 2F 0-1: Ball 1-1: SINGLE (Line Drive, 8LS, EV 105.0 MPH) Quintin Parker to second
|
Batting: LHB Jack Henningar
|
0-0: Ball 1-0: Foul Ball, location: 2F 1-1: Ball 2-1: Grounds into double play, 4-6-3 (Groundball, 4, EV 105.6 MPH)
|
Bottom of the 1st over - 0 runs, 1 hit, 0 errors, 1 left on base; Miami 0 - San Francisco 0 |
TOP OF THE 2ND |
Miami Marlins batting - Pitching for San Francisco Giants : RHP Nicolas Coppola II
|
Batting: RHB Tommy Hughes
|
0-0: Ball 1-0: Ball 2-0: Ball 3-0: Called Strike 3-1: Foul Ball, location: 2F 3-2: Strikes out looking
|
Batting: LHB Luis Aguilar
|
0-0: Called Strike 0-1: Foul Ball, location: 2F 0-2: Foul Ball, location: 2F 0-2: Ball 1-2: Ball 2-2: Ball 3-2: Strikes out looking
|
Batting: RHB Gavin Helton
|
0-0: Called Strike 0-1: Ball 1-1: Called Strike 1-2: Ball 2-2: Foul Ball, location: 2F 2-2: Strikes out swinging
|
Top of the 2nd over - 0 runs, 0 hits, 0 errors, 0 left on base; Miami 0 - San Francisco 0 |
BOTTOM OF THE 2ND |
San Francisco Giants batting - Pitching for Miami Marlins : LHP Patrick Meesters
|
Batting: RHB Jim Zucco
|
0-0: Called Strike 0-1: Ball 1-1: Ball 2-1: DOUBLE (Groundball, 3L, EV 103.8 MPH)
|
Batting: LHB Willis Robles
|
0-0: Ball 1-0: Called Strike 1-1: Ground out 4-3 (Groundball, 34D, EV 101.3 MPH) Jim Zucco to third
|
Batting: RHB Ray Llewellyn
|
0-0: Called Strike 0-1: Ball 1-1: Called Strike 1-2: Ground out 4-3 (Groundball, 4, EV 80.6 MPH) Jim Zucco scores
|
Batting: RHB Henri Cederberg
|
0-0: Ball 1-0: Foul Ball, location: 2F 1-1: Ball 2-1: Ball 3-1: Foul Ball, location: 2F 3-2: Base on Balls
|
Batting: RHB Yutaka Oki
|
0-0: Ball 1-0: SINGLE (Groundball, 56D, EV 104.4 MPH) (infield hit) Henri Cederberg to second
|
Batting: RHB Xavier Castellanos
|
0-0: Ball 1-0: Ground out 4-3 (Groundball, 4, EV 85.6 MPH)
|
Bottom of the 2nd over - 1 run, 2 hits, 0 errors, 2 left on base; Miami 0 - San Francisco 1 |
TOP OF THE 3RD |
Miami Marlins batting - Pitching for San Francisco Giants : RHP Nicolas Coppola II
|
Batting: RHB Manny Gonzalez
|
0-0: Foul Ball, location: 2F 0-1: Swinging Strike 0-2: Ball 1-2: Foul Ball, location: 2F 1-2: Strikes out swinging
|
Batting: RHB Jeff Garofalo
|
0-0: Foul Ball, location: 2F 0-1: Foul Ball, location: 2F 0-2: Strikes out swinging
|
Batting: SHB Matt Altieri
|
0-0: Ball 1-0: Called Strike 1-1: Foul Ball, location: 2F 1-2: Ground out U3 (Groundball, 3L, EV 101.9 MPH)
|
Top of the 3rd over - 0 runs, 0 hits, 0 errors, 0 left on base; Miami 0 - San Francisco 1 |
BOTTOM OF THE 3RD |
San Francisco Giants batting - Pitching for Miami Marlins : LHP Patrick Meesters
|
Batting: RHB Quintin Parker
|
0-0: Ball 1-0: Swinging Strike 1-1: Foul Ball, location: 2F 1-2: Foul Ball, location: 2F 1-2: Strikes out swinging, 2-3 out at first.
|
Batting: RHB Sean Zielinski
|
0-0: Called Strike 0-1: SINGLE (Groundball, 56D, EV 96.3 MPH)
|
Batting: LHB Jack Henningar
|
0-0: Ball 1-0: Grounds into double play, 6-4-3 (Groundball, 6, EV 78.8 MPH)
|
Bottom of the 3rd over - 0 runs, 1 hit, 0 errors, 0 left on base; Miami 0 - San Francisco 1 |
TOP OF THE 4TH |
Miami Marlins batting - Pitching for San Francisco Giants : RHP Nicolas Coppola II
|
Batting: RHB Jimmy Groseclose
|
0-0: Called Strike 0-1: Ball 1-1: Ground out 6-3 (Groundball, 6, EV 82.5 MPH)
|
Batting: RHB Justin Huff
|
0-0: SINGLE (Groundball, 6MD, EV 101.3 MPH)
|
Batting: RHB Seth Tramontano
|
0-0: Ball 1-0: Called Strike 1-1: Fly out, F8 (Flyball, 8LXD, EV 91.9 MPH) Runner from 1st tags up, SAFE at 2nd
|
Batting: RHB Tommy Hughes
|
0-0: Foul Ball, location: 2F 0-1: Foul Ball, location: 2F 0-2: Foul Ball, location: 2F 0-2: Ball 1-2: Strikes out swinging
|
Top of the 4th over - 0 runs, 1 hit, 0 errors, 1 left on base; Miami 0 - San Francisco 1 |
BOTTOM OF THE 4TH |
San Francisco Giants batting - Pitching for Miami Marlins : LHP Patrick Meesters
|
Batting: RHB Jim Zucco
|
0-0: Foul Ball, location: 2F 0-1: Called Strike 0-2: SINGLE (Groundball, 56S, EV 71.9 MPH) (infield hit)
|
Batting: LHB Willis Robles
|
0-0: Ball 1-0: Ball 2-0: Ball 3-0: Called Strike 3-1: SINGLE (Flyball, 4MD, EV 90.0 MPH) Jim Zucco to second
|
Batting: RHB Ray Llewellyn
|
0-0: Foul Ball, location: 2F 0-1: Swinging Strike 0-2: Ball 1-2: Foul Ball, location: 2F 1-2: Ball 2-2: Ball 3-2: Fly out, F4 (Line Drive, 4, EV 69.4 MPH)
|
Batting: RHB Henri Cederberg
|
0-0: Ball 1-0: Ball 2-0: Called Strike 2-1: Ball 3-1: Fly out, F7 (Flyball, 7LS, EV 93.1 MPH)
|
Batting: RHB Yutaka Oki
|
0-0: Ground out 5-3 (Groundball, 5S, EV 72.5 MPH)
|
Bottom of the 4th over - 0 runs, 2 hits, 0 errors, 2 left on base; Miami 0 - San Francisco 1 |
TOP OF THE 5TH |
Miami Marlins batting - Pitching for San Francisco Giants : RHP Nicolas Coppola II
|
Pitching: RHP Jorge Sosa
|
|
Batting: LHB Luis Aguilar
|
0-0: Ball 1-0: Ball 2-0: Called Strike 2-1: Ground out 3-1 (Groundball, 34, EV 86.9 MPH)
|
Batting: RHB Gavin Helton
|
0-0: Ball 1-0: Called Strike 1-1: Ball 2-1: Foul Ball, location: 2F 2-2: Foul Ball, location: 2F 2-2: Foul Ball, location: 2F 2-2: Strikes out looking
|
Batting: RHB Manny Gonzalez
|
0-0: Called Strike 0-1: Swinging Strike 0-2: Ball 1-2: Strikes out looking
|
Top of the 5th over - 0 runs, 0 hits, 0 errors, 0 left on base; Miami 0 - San Francisco 1 |
BOTTOM OF THE 5TH |
San Francisco Giants batting - Pitching for Miami Marlins : LHP Patrick Meesters
|
Pitching: LHP Mark Palomo
|
|
Batting: RHB Xavier Castellanos
|
0-0: Ball 1-0: Called Strike 1-1: Ball 2-1: Ball 3-1: Foul Ball, location: 2F 3-2: Base on Balls
|
Batting: RHB Quintin Parker
|
0-0: Ball 1-0: Called Strike 1-1: Ball 2-1: Ball 3-1: Base on Balls Xavier Castellanos to second
|
Batting: RHB Sean Zielinski
|
0-0: Called Strike 0-1: Foul Ball, location: 2F 0-2: Foul Ball, location: 2F 0-2: Ball 1-2: Ball 2-2: Foul Ball, location: 2F 2-2: Foul Ball, location: 2F 2-2: Foul Ball, location: 2F 2-2: Foul Ball, location: 2F 2-2: Strikes out looking
|
Batting: LHB Jack Henningar
|
0-0: Ball 1-0: Ball 2-0: Called Strike 2-1: Ball 3-1: SINGLE (Groundball, 6M, EV 105.6 MPH) Xavier Castellanos to third Quintin Parker to second Runner from 3rd tries for Home, SAFE, throw by CF to home
|
Batting: RHB Jim Zucco
|
0-0: Called Strike Quintin Parker steals 3rd base Jack Henningar to second 0-1: Swinging Strike 0-2: Ground out 5-3 (Groundball, 5S, EV 85.6 MPH)
|
Batting: LHB Willis Robles
|
0-0: Called Strike 0-1: Foul Ball, location: 2F 0-2: Ball 1-2: Foul Ball, location: 2F 1-2: Ball 2-2: Ball 3-2: Base on Balls
|
Pitching: LHP Joe Foster
|
|
Batting: RHB Ray Llewellyn
|
0-0: Ball 1-0: Ball 2-0: Ball 3-0: Called Strike 3-1: Ground out U3 (Groundball, 3, EV 104.4 MPH)
|
Bottom of the 5th over - 1 run, 1 hit, 0 errors, 3 left on base; Miami 0 - San Francisco 2 |
TOP OF THE 6TH |
Miami Marlins batting - Pitching for San Francisco Giants : RHP Jorge Sosa
|
Batting: RHB Jeff Garofalo
|
0-0: Ball 1-0: Fly out, F9 (Flyball, 9, EV 81.9 MPH)
|
DELAY
|
Rain delay of 57 minutes in the 6th inning.
|
Batting: SHB Matt Altieri
|
0-0: Ball 1-0: Called Strike 1-1: Ball 2-1: Foul Ball, location: 2F 2-2: Fly out, F8 (Flyball, 8LD, EV 86.3 MPH)
|
Batting: RHB Jimmy Groseclose
|
0-0: SINGLE (Popup, 3D, EV 57.5 MPH)
|
Batting: RHB Justin Huff
|
0-0: Swinging Strike 0-1: Swinging Strike 0-2: Ball 1-2: SINGLE (Groundball, 34S, EV 66.9 MPH) (infield hit) Jimmy Groseclose to second
|
Pitching: RHP Ben Sheets
|
|
Batting: RHB Seth Tramontano
|
0-0: Called Strike 0-1: Foul Ball, location: 2F 0-2: Strikes out looking
|
Top of the 6th over - 0 runs, 2 hits, 0 errors, 2 left on base; Miami 0 - San Francisco 2 |
BOTTOM OF THE 6TH |
San Francisco Giants batting - Pitching for Miami Marlins : LHP Joe Foster
|
Batting: RHB Henri Cederberg
|
0-0: Ball 1-0: Called Strike 1-1: Swinging Strike 1-2: Hit by Pitch
|
Batting: RHB Yutaka Oki
|
0-0: Ball 1-0: Fly out, F7 (Flyball, 7S, EV 90.6 MPH)
|
Pinch Hitting: RHB Hugo Zacarias
|
0-0: Ball 1-0: Ball 2-0: Grounds into double play, 3-6-3 (Groundball, 3, EV 100.6 MPH)
|
Bottom of the 6th over - 0 runs, 0 hits, 0 errors, 0 left on base; Miami 0 - San Francisco 2 |
TOP OF THE 7TH |
Miami Marlins batting - Pitching for San Francisco Giants : RHP Ben Sheets
|
Now in RF: Hugo Zacarias
|
|
Batting: RHB Tommy Hughes
|
0-0: Ball 1-0: Called Strike 1-1: Ball 2-1: Fly out, F4 (Popup, 4S, EV 76.3 MPH)
|
Batting: LHB Luis Aguilar
|
0-0: Ground out 6-3 (Groundball, 6, EV 88.1 MPH)
|
Batting: RHB Gavin Helton
|
0-0: Called Strike 0-1: Foul Ball, location: 2F 0-2: Ball 1-2: Ball 2-2: Strikes out swinging, 2-3 out at first.
|
Top of the 7th over - 0 runs, 0 hits, 0 errors, 0 left on base; Miami 0 - San Francisco 2 |
BOTTOM OF THE 7TH |
San Francisco Giants batting - Pitching for Miami Marlins : LHP Joe Foster
|
Pitching: LHP Paul Cantrell
|
|
Pinch Hitting: SHB Ken Welch
|
0-0: Ball 1-0: Foul Ball, location: 2F 1-1: Ground out 5-3 (Groundball, 56, EV 93.8 MPH)
|
Pinch Hitting: SHB Jason Spradling
|
0-0: Ball 1-0: Ball 2-0: Foul Ball, location: 2F 2-1: Foul Ball, location: 2F 2-2: Ground out 4-3 (Groundball, 4M, EV 81.9 MPH)
|
Batting: RHB Jason May
|
0-0: Called Strike 0-1: Ball 1-1: Ball 2-1: Called Strike 2-2: SOLO HOME RUN (Flyball, 7LD, EV 98.1 MPH), Distance : 382 ft
|
Pinch Hitting: RHB Nate Hodson
|
0-0: Ball 1-0: Ball 2-0: Foul Ball, location: 2F 2-1: Called Strike 2-2: Ball 3-2: Foul Ball, location: 2F 3-2: Foul Ball, location: 2F 3-2: Ground out 6-3 (Groundball, 56, EV 86.9 MPH)
|
Bottom of the 7th over - 1 run, 1 hit, 0 errors, 0 left on base; Miami 0 - San Francisco 3 |
TOP OF THE 8TH |
Miami Marlins batting - Pitching for San Francisco Giants : RHP Ben Sheets
|
Now at 1B: Nick Rigden
|
|
Now at 2B: Nate Hodson
|
|
Now at 3B: Jason Spradling
|
|
Now at SS: Henri Cederberg
|
|
Batting: RHB Manny Gonzalez
|
0-0: Ball 1-0: Called Strike 1-1: Ball 2-1: Swinging Strike 2-2: Ball 3-2: Strikes out looking
|
Batting: LHB Andre Gorter
|
0-0: Foul Ball, location: 2F 0-1: Called Strike 0-2: Foul Ball, location: 2F 0-2: Foul Ball, location: 2F 0-2: Strikes out swinging
|
Batting: SHB Matt Altieri
|
0-0: Ball 1-0: Called Strike 1-1: Ground out 6-3 (Groundball, 6S, EV 71.3 MPH)
|
Top of the 8th over - 0 runs, 0 hits, 0 errors, 0 left on base; Miami 0 - San Francisco 3 |
BOTTOM OF THE 8TH |
San Francisco Giants batting - Pitching for Miami Marlins : LHP Paul Cantrell
|
Pinch Hitting: RHB Martin Guerrero
|
0-0: Called Strike 0-1: Fly out, F5 (Line Drive, 5, EV 70.6 MPH)
|
Batting: RHB Ray Llewellyn
|
0-0: Called Strike 0-1: Foul Ball, location: 2F 0-2: Ball 1-2: Foul Ball, location: 2F 1-2: Ball 2-2: SINGLE (Groundball, 6MD, EV 96.9 MPH)
|
Pinch Hitting: LHB Willie Ceniceros
|
0-0: Foul Ball, location: 2F 0-1: Foul Ball, location: 2F 0-2: Ball 1-2: Fly out, F8 (Flyball, 78S, EV 79.4 MPH)
|
Pinch Hitting: LHB Fred Arends
|
0-0: SINGLE (Groundball, 4MD, EV 95.0 MPH) Ray Llewellyn to second Runner from 2nd tries for 3rd, SAFE, throw by CF made to third
|
Batting: RHB Hugo Zacarias
|
0-0: Swinging Strike 0-1: Foul Ball, location: 2F 0-2: Strikes out swinging
|
Bottom of the 8th over - 0 runs, 2 hits, 0 errors, 2 left on base; Miami 0 - San Francisco 3 |
TOP OF THE 9TH |
Miami Marlins batting - Pitching for San Francisco Giants : RHP Ben Sheets
|
Pitching: RHP Borisz Barciniak
|
|
Now at 2B: Willie Ceniceros
|
|
Now at SS: Nate Hodson
|
|
Now in LF: Hugo Zacarias
|
|
Now in CF: Martin Guerrero
|
|
Now in RF: Fred Arends
|
|
Pinch Hitting: RHB Wei-guo Tsu
|
0-0: Called Strike 0-1: Ball 1-1: Called Strike 1-2: Ball 2-2: Strikes out swinging
|
Pinch Hitting: LHB Adrian Young
|
0-0: Swinging Strike 0-1: Foul Ball, location: 2F 0-2: Strikes out swinging
|
Batting: RHB Seth Tramontano
|
0-0: Swinging Strike 0-1: Foul Ball, location: 2F 0-2: Ball 1-2: Strikes out swinging
|
Top of the 9th over - 0 runs, 0 hits, 0 errors, 0 left on base; Miami 0 - San Francisco 3 |
|